 Dungeon Sprint DCSS version 0.21-a0-203-gb066a6e (webtiles) character file.

82446 Kidiri the Sorcerer (level 14, -8/99 HPs)
             Began as a Deep Elf Fire Elementalist on Aug 19, 2017.
             Was the Champion of Vehumet.
             Mangled by Mara
             ... wielding a +5 demon trident of venom
              (15 damage)
             ... in the Dungeon (Sprint III: "The Ten Rune Challenge").
             The game lasted 01:04:43 (8320 turns).

Kidiri the Sorcerer (Deep Elf Fire Elementalist)    Turns: 8320, Time: 01:04:44

Health: -8/99      AC:  8    Str:  5    XL:     14   Next: 34%
Magic:  6/42       EV: 26    Int: 32    God:    Vehumet [******]
Gold:   1144       SH:  0    Dex: 20    Spells: 4/58 levels left

rFire    . . .     SeeInvis +   t - +3 dagger (venom)
rCold    + . .     Gourm    +   (no shield)
rNeg     + . .     Faith    .   w - +2 robe {rC+}
rPois    .         Spirit   .   y - +2 hat
rElec    .         Reflect  .   I - +0 cloak (curse)
rCorr    .         Harm     .   (no gloves)
MR       +....     NoTele   +   (no boots)
Stlth    ++........             e - amulet of the gourmand
HPRegen  0.26/turn              d - +3 ring of intelligence
MPRegen  0.28/turn              g - ring "Givois" {rN+ Int+3 Dex+5}

@: lethally poisoned (-8 -> -8)
A: see invisible, robust 1
}: 2/10 runes: decaying, barnacled
a: Renounce Religion


You were in the Dungeon.
You worshipped Vehumet.
Vehumet was exalted by your worship.
You were completely stuffed.

You visited 1 branch You collected 2335 gold pieces.
You spent 1191 gold pieces at shops.

Inventory:

Hand Weapons
 t - a +3 dagger of venom (weapon)
 u - the +7 double sword "Xuacepigh" {drain, rC+ Int+4 Dex+3}
   (You took it off a deep elf annihilator in the Dungeon)

   A truly terrible weapon, it drains the life of those it strikes.
   It affects your intelligence (+4).
   It affects your dexterity (+3).
   It protects you from cold.
 F - the +6 mace of Action {crush, rF+++ rC- MR+++ Dex-4}
   (You found it in the Dungeon)

   It inflicts extra damage upon your enemies.
   It affects your dexterity (-4).
   It renders you almost immune to fire.
   It makes you vulnerable to cold.
   It affects your resistance to hostile enchantments.
 N - the +6 hunting sling "Dragon's Undoing" {flame, +Fly rC+ Str-3}
   (You found it in the Dungeon)

   It causes projectiles fired from it to burn those they strike, causing extra
   injury to most foes and up to half again as much damage against particularly
   susceptible opponents.
   It affects your strength (-3).
   It protects you from cold.
   It lets you fly.
Armour
 w - a +2 robe of cold resistance (worn)
 y - a +2 hat (worn)
 I - a cursed +0 cloak (worn)
 T - a +0 shield
Magical Staves
 R - an uncursed staff of fire
Jewellery
 d - a +3 ring of intelligence (left hand)
 e - an amulet of the gourmand (around neck)
 g - the ring "Givois" (right hand) {rN+ Int+3 Dex+5}
   (You bought it in a shop in the Dungeon)

   [ring of positive energy]

   It affects your intelligence (+3).
   It affects your dexterity (+5).
   It protects you from negative energy.
 B - an uncursed ring of protection from cold
 L - the ring of Zaplitu {+Inv rN+}
   (You found it in the Dungeon)

   [ring of positive energy]

   It protects you from negative energy.
   It lets you turn invisible.
Wands
 o - a wand of acid (3/15)
 E - a wand of disintegration (15/24)
 V - a wand of iceblast (7/15)
Scrolls
 c - 2 scrolls of silence {unknown}
 l - a scroll of fog
 m - a scroll of holy word
 n - 3 scrolls of amnesia {unknown}
 s - a scroll of remove curse
 A - a scroll of fear {unknown}
 C - a scroll of enchant weapon {unknown}
Potions
 b - 2 potions of might
 h - a potion of berserk rage
 j - 2 potions of agility
 k - 2 potions of mutation
 q - 2 potions of flight
 v - a potion of cancellation
 x - a potion of resistance {unknown}
Comestibles
 a - 20 royal jellies
 r - 6 fruits
 D - a bread ration


   Skills:
 + Level 11.4 Fighting
 + Level 10.8 Short Blades
 + Level 11.5 Armour
 + Level 15.5 Dodging
 - Level 2.4 Stealth
 + Level 2.4 Shields
 * Level 22.6 Spellcasting
 + Level 14.5 Conjurations
 + Level 14.8 Fire Magic
 + Level 9.1 Ice Magic
 + Level 12.2 Earth Magic
 + Level 13.0 Poison Magic


You had 4 spell levels left.
You knew the following spells:

 Your Spells              Type           Power        Failure   Level  Hunger
a - Flame Tongue          Conj/Fire      #####        0%          1    None
b - Throw Flame           Conj/Fire      ######       0%          2    None
c - Conjure Flame         Conj/Fire      #######.     0%          3    None
d - Inner Flame           Hex/Fire       ######..     1%          3    None
e - Sticky Flame          Conj/Fire      #######.     0%          4    None
f - Fireball              Conj/Fire      #######...   1%          5    None
g - Bolt of Fire          Conj/Fire      #######...   1%          6    None
h - Ignition              Fire           #######...   3%          8    ####...
i - Bolt of Cold          Conj/Ice       #######...   1%          6    None
j - Stone Arrow           Conj/Erth      ######       0%          3    None
k - Lee's Rapid Deconstr  Erth           #######...   1%          5    None
l - Iron Shot             Conj/Erth      #######...   1%          6    None
m - Sting                 Conj/Pois      ####         0%          1    None
n - Magic Dart            Conj           ####         0%          1    None


Dungeon Overview and Level Annotations

Branches:
Dungeon (1/1)

Altars:
Cheibriados
Dithmenos
Elyvilon
Fedhas
Gozag
Hepliaklqana
Kikubaaqudgha
Makhleb
Nemelex Xobeh
Okawaru
Qazlal
Ru
Sif Muna
Trog
Uskayaw
Vehumet
Wu Jian
Xom
Yredelemnul
Zin
The Shining One
Beogh
Jiyva
Lugonu

Shops:
D (=!(?(:

Annotations:
D exclusion: door, Mara


Innate Abilities, Weirdness & Mutations

You have supernaturally acute eyesight. (SInv)
You are robust. (+10% HP)


Message History

You close the door.
You feel sick.
Mara opens the door.
You close the door.
Mara opens the door.
You close the door.
You feel sick.
Mara opens the door.
You close the door.
You feel sick.
Mara opens the door.
You close the door.
Mara opens the door.
You close the door.
You feel sick.
Mara opens the door.
You close the door.
Mara opens the door.
You close the door.
Mara opens the door.
You close the door.
You feel sick.
Mara opens the door.
You close the door.
Mara opens the door.
You close the door.
You feel sick.
Mara opens the door.
You close the door.
Mara opens the door.
You close the door.
Mara opens the door.
You close the door.
Mara opens the door.
You close the door.
You feel sick.
Mara opens the door.
You close the door.
Mara opens the door.
You close the door.
Mara opens the door.
You close the door.
You feel sick.
Mara opens the door.
Mara hits you from afar with a demon trident of venom!
You die...

▓≈≈≈≈≈≈≈≈≈≈≈≈▓#.#,###...#,∩∩∩∩,*,
▓≈≈≈≈≈≈≈≈≈≈≈≈▓#.#+#...§.#,∩∩∩∩,*,
▓≈≈≈≈≈≈≈≈≈≈≈≈▓#.#.......#,,,,,,*,
▓≈≈≈≈≈≈≈≈≈≈≈≈▓#.#.......#*#++##*,
▓≈≈≈≈≈≈≈≈≈≈≈≈▓#.........#.⌠..⌠.*,
▓≈≈≈≈≈≈≈≈≈≈≈≈▓#########.#......**
▓≈≈≈......≈≈≈▓#.#.#.#.#.§......*,
▓≈≈..∩∩.∩..≈≈▓#.........§......*,
▓▓▓▓▓▓▓▓▓▓▓▓▓▓#.@..............*,
**************###'#############*,
*,≈,,,,≈,*,,,*##.R.##,*≈§≈≈≈≈###*
*≈,,,,,,≈*,,,##.....##+#.≈≈P≈#.#,
*,,,,,,,,*+**#.R.....###...P≈#.▓+
*,,,,,,,,+,,,+.......'..R...)).▓,
*,,,,,,,,*+**#.......#####..≈#.▓,
*≈,,,,,,≈*≈≈≈##.....##,,,**.≈#.▓,
*,≈,,,,≈,*+*+*##...##*,*,,**+##▓,


You could see Mara.

Vanquished Creatures
  the Lernaean hydra (D)
  Rupert (D)
  A deep elf master archer (D)
  Gastronok (D)
  A kraken (D)
  Dowan (D)
  4 azure jellies (D)
  2 vampire knights (D)
  2 deep elf demonologists (D)
  A deep elf annihilator (D)
  2 dire elephants (D)
  2 deep elf death magi (D)
  Josephine (D)
  3 hydras (D)
  A centaur warrior (D)
  4 death yaks (D)
  Urug (D)
  A deep elf knight (D)
  A death drake (D)
  A spriggan druid (D)
  5 swamp dragons (D)
  An unseen horror (D)
  A lindwurm (D)
  An orange crystal statue (D)
  4 crystal guardians (D)
  6 deep elf magi (D)
  3 orc sorcerers (D)
  2 elephants (D)
  2 black mambas (D)
  4 statues (D)
  Duvessa (D)
  2 spiny frogs (D)
  A molten gargoyle (D)
  A rime drake (D)
  A komodo dragon (D)
  2 tyrant leeches (D)
  A queen bee (D)
  8 blink frogs (D)
  2 orc high priests (D)
  6 snapping turtles (D)
  2 spriggans (D)
  A shadow (D)
  3 redbacks (D)
  A spatial vortex (D)
  A hydra simulacrum (D)
  3 swamp drakes (D)
  2 orc warriors (D)
  A black mamba simulacrum (D)
  A necrophage (D)
  2 centaurs (D)
  A water elemental (D)
  32 killer bees (D)
  An electric eel (D)
  3 wandering mushrooms (D)
  5 orc priests (D)
  A wizard (D)
  A jelly (D)
  A necromancer (D)
  2 wolf simulacra (D)
  3 humans (D)
  A kobold demonologist (D)
  A wolf (D)
  2 oozes (D)
  8 orcs (D)
  2 rats (D)
  20 plants (D)
187 creatures vanquished.

Vanquished Creatures (others)
  2 draconian scorchers (D)
  6 hellions (D)
  2 yaktaurs (D)
  2 orcs (D)
  A plant (D)
13 creatures vanquished.

Grand Total: 200 creatures vanquished

Notes
Turn   | Place    | Note
-------+----------+-------------------------------------------
     0 | D        | Kidiri the Deep Elf Fire Elementalist began the quest for the Orb.
     0 | D        | Reached XP level 1. HP: 10/10 MP: 6/6
     4 | D        | Reached skill level 4 in Spellcasting
    12 | D        | Reached skill level 1 in Armour
    12 | D        | Reached XP level 2. HP: 16/16 MP: 0/9
    31 | D        | Learned a level 2 spell: Throw Flame
   102 | D        | Killed a hellion
   124 | D        | Killed a hellion
   126 | D        | Killed a hellion
   126 | D        | Killed a hellion
   141 | D        | Killed a hellion
   163 | D        | Reached skill level 1 in Fighting
   163 | D        | Reached skill level 5 in Spellcasting
   163 | D        | Reached XP level 3. HP: 10/20 MP: 7/11
   168 | D        | Learned a level 3 spell: Conjure Flame
   172 | D        | Learned a level 3 spell: Inner Flame
   193 | D        | Killed a hellion
   254 | D        | Killed a white draconian scorcher
   262 | D        | Killed a yaktaur
   282 | D        | Killed a white draconian scorcher
   367 | D        | Gained mutation: Your magical capacity is low. (-10% MP) [potion of mutation]
   367 | D        | Gained mutation: You are weak. (Str -2) [potion of mutation]
   367 | D        | Gained mutation: You have sharp fingernails. [potion of mutation]
   368 | D        | Lost mutation: Your magical capacity is low. (-10% MP) [potion of mutation]
   368 | D        | Lost mutation: You have sharp fingernails. [potion of mutation]
   368 | D        | Gained mutation: Armour fits poorly on your strangely shaped body. [potion of mutation]
   368 | D        | Lost mutation: You are weak. (Str -2) [potion of mutation]
   368 | D        | Gained mutation: Your mind is acute. (Int +2) [potion of mutation]
   369 | D        | Lost mutation: Armour fits poorly on your strangely shaped body. [potion of mutation]
   369 | D        | Lost mutation: Your mind is acute. (Int +2) [potion of mutation]
   369 | D        | Gained mutation: You are robust. (+10% HP) [potion of mutation]
   369 | D        | Gained mutation: You have supernaturally acute eyesight. (SInv) [potion of mutation]
   411 | D        | Noticed a water elemental
   414 | D        | Killed a water elemental
   414 | D        | Reached skill level 7 in Spellcasting
   414 | D        | Reached XP level 4. HP: 29/29 MP: 6/15
   428 | D        | Learned a level 4 spell: Sticky Flame
   474 | D        | Found a radiant altar of Vehumet.
   475 | D        | Found a deep blue altar of Sif Muna.
   475 | D        | Found an ancient bone altar of Kikubaaqudgha.
   475 | D        | Noticed a wizard
   476 | D        | Killed a wizard
   476 | D        | Reached skill level 5 in Fire Magic
   478 | D        | Reached skill level 5 in Dodging
   478 | D        | Reached XP level 5. HP: 34/35 MP: 7/17
   494 | D        | Learned a level 5 spell: Fireball
   498 | D        | Became a worshipper of Vehumet
   543 | D        | Found a glowing silver altar of Zin.
   544 | D        | Found a glowing golden altar of the Shining One.
   544 | D        | Found a white marble altar of Elyvilon.
   544 | D        | Noticed a deep elf mage
   550 | D        | Killed a deep elf mage
   550 | D        | Reached skill level 10 in Spellcasting
   550 | D        | Reached XP level 6. HP: 42/42 MP: 11/21
   550 | D        | Reached XP level 7. HP: 48/48 MP: 12/23
   607 | D        | Found an ornate altar of the Wu Jian Council.
   607 | D        | Found a roughly hewn altar of Beogh.
   607 | D        | Found an iron altar of Okawaru.
   607 | D        | Found a bloodstained altar of Trog.
   607 | D        | Found a hide-covered altar of Uskayaw.
   607 | D        | Noticed a human
   611 | D        | Noticed a human
   611 | D        | Killed a human
   611 | D        | Reached skill level 11 in Spellcasting
   613 | D        | Killed a human
   613 | D        | Reached * piety under Vehumet
   613 | D        | Offered knowledge of Sting by Vehumet.
   613 | D        | Reached skill level 5 in Fighting
   613 | D        | Reached skill level 5 in Armour
   624 | D        | Learned a level 1 spell: Sting
   729 | D        | Found a basalt altar of Yredelemnul.
   729 | D        | Found a shadowy altar of Dithmenos.
   729 | D        | Found a sacrificial altar of Ru.
   734 | D        | Reached skill level 12 in Spellcasting
   791 | D        | Noticed a shadow
   794 | D        | Killed a shadow
   794 | D        | Reached ** piety under Vehumet
   794 | D        | Offered knowledge of Magic Dart by Vehumet.
   794 | D        | Reached skill level 1 in Poison Magic
   794 | D        | Reached XP level 8. HP: 55/55 MP: 22/26
   808 | D        | Learned a level 1 spell: Magic Dart
   826 | D        | Found a blossoming altar of Fedhas.
   826 | D        | Found a stormy altar of Qazlal.
   827 | D        | Found a snail-covered altar of Cheibriados.
   827 | D        | Found a burning altar of Makhleb.
   827 | D        | Found a hazy altar of Hepliaklqana.
   827 | D        | Found a shimmering altar of Xom.
   827 | D        | Found an opulent altar of Gozag.
   827 | D        | Found a sparkling altar of Nemelex Xobeh.
   827 | D        | Found a corrupted altar of Lugonu.
   827 | D        | Found a viscous altar of Jiyva.
  1029 | D        | Noticed Josephine
  1033 | D        | Killed Josephine
  1033 | D        | Offered knowledge of Dazzling Spray by Vehumet.
  1033 | D        | Reached skill level 13 in Spellcasting
  1387 | D        | Noticed a centaur warrior
  1388 | D        | Reached XP level 9. HP: 60/60 MP: 24/28
  1389 | D        | Reached *** piety under Vehumet
  1393 | D        | Killed a centaur warrior
  1393 | D        | Offered knowledge of Stone Arrow by Vehumet.
  1393 | D        | Reached skill level 14 in Spellcasting
  1393 | D        | Reached skill level 5 in Poison Magic
  1398 | D        | Learned a level 3 spell: Stone Arrow
  1621 | D        | Noticed an unseen horror
  1627 | D        | Killed an unseen horror
  1627 | D        | Reached skill level 10 in Dodging
  1627 | D        | Reached skill level 1 in Earth Magic
  1692 | D        | Noticed a queen bee
  1696 | D        | Reached **** piety under Vehumet
  1696 | D        | Reached skill level 15 in Spellcasting
  1698 | D        | Offered knowledge of Iskenderun's Mystic Blast by Vehumet.
  1713 | D        | Killed a queen bee
  1717 | D        | Reached ***** piety under Vehumet
  2006 | D        | Offered knowledge of Bolt of Fire by Vehumet.
  2014 | D        | Learned a level 6 spell: Bolt of Fire
  2017 | D        | Reached skill level 10 in Fire Magic
  2017 | D        | Reached XP level 10. HP: 69/69 MP: 9/31
  2031 | D        | Offered knowledge of Lee's Rapid Deconstruction by Vehumet.
  2041 | D        | Learned a level 5 spell: Lee's Rapid Deconstruction
  2158 | D        | Reached skill level 1 in Short Blades
  2180 | D        | Reached ****** piety under Vehumet
  2180 | D        | Offered knowledge of Bolt of Draining by Vehumet.
  2575 | D        | Reached skill level 16 in Spellcasting
  2812 | D        | Noticed a spiny frog
  2812 | D        | Noticed a spiny frog
  2814 | D        | Killed a spiny frog
  2814 | D        | Reached skill level 10 in Conjurations
  2814 | D        | Killed a spiny frog
  2957 | D        | Reached skill level 5 in Earth Magic
  2972 | D        | Offered knowledge of Conjure Ball Lightning by Vehumet.
  3083 | D        | Noticed a lindwurm
  3085 | D        | Killed a lindwurm
  3154 | D        | Noticed Urug
  3161 | D        | Killed Urug
  3161 | D        | Reached skill level 17 in Spellcasting
  3161 | D        | Reached XP level 11. HP: 16/74 MP: 15/34
  3523 | D        | Noticed Rupert
  3545 | D        | Paralysed by Rupert for 2 turns
  3549 | D        | Killed Rupert
  3549 | D        | Reached skill level 5 in Short Blades
  3840 | D        | Noticed a death yak
  3841 | D        | Noticed a death yak
  3843 | D        | Killed a death yak
  3843 | D        | Offered knowledge of Spellforged Servitor by Vehumet.
  3844 | D        | Noticed a death yak
  3845 | D        | Killed a death yak
  3845 | D        | Reached skill level 18 in Spellcasting
  3846 | D        | Noticed a death yak
  3847 | D        | Killed a death yak
  3848 | D        | Killed a death yak
  3868 | D        | Noticed an azure jelly
  3868 | D        | Noticed an azure jelly
  3880 | D        | Noticed an azure jelly
  3880 | D        | Noticed an azure jelly
  4020 | D        | Noticed a swamp dragon
  4029 | D        | Killed a swamp dragon
  4029 | D        | Offered knowledge of Iron Shot by Vehumet.
  4029 | D        | Reached XP level 12. HP: 16/83 MP: 36/36
  4431 | D        | Learned a level 6 spell: Iron Shot
  4444 | D        | Reached skill level 10 in Poison Magic
  4517 | D        | Found Tobavaem's Antique Weapon Shoppe.
  4517 | D        | Found Taebug's Jewellery Boutique.
  4517 | D        | Found Jorut's Distillery.
  4667 | D        | Found Sysez's Weapon Shoppe.
  4673 | D        | Reached skill level 19 in Spellcasting
  4673 | D        | Offered knowledge of Bolt of Cold by Vehumet.
  4715 | D        | Learned a level 6 spell: Bolt of Cold
  4725 | D        | Offered knowledge of Glaciate by Vehumet.
  4725 | D        | Offered knowledge of Shatter by Vehumet.
  4725 | D        | Offered knowledge of Ignition by Vehumet.
  4940 | D        | Bought a +3 ring of intelligence for 172 gold pieces
  4940 | D        | Bought an uncursed amulet of the gourmand for 330 gold pieces
  4940 | D        | Bought the ring "Givois" {rN+ Int+3 Dex+5} for 481 gold pieces
  4944 | D        | Bought a potion of heal wounds for 65 gold pieces
  4944 | D        | Bought a potion of curing for 39 gold pieces
  4944 | D        | Bought a potion of heal wounds for 65 gold pieces
  4944 | D        | Bought a potion of curing for 39 gold pieces
  4993 | D        | Noticed a dire elephant
  4993 | D        | Noticed a dire elephant
  4993 | D        | Noticed Gastronok
  4998 | D        | Killed Gastronok
  5001 | D        | Killed a dire elephant
  5012 | D        | Killed a dire elephant
  5382 | D        | Reached skill level 20 in Spellcasting
  5473 | D        | Noticed a deep elf demonologist
  5475 | D        | Noticed a deep elf death mage
  5477 | D        | Killed a deep elf demonologist
  5478 | D        | Noticed a deep elf master archer
  5478 | D        | Killed a deep elf death mage
  5478 | D        | Reached skill level 10 in Fighting
  5478 | D        | Reached skill level 10 in Armour
  5478 | D        | Reached XP level 13. HP: 90/90 MP: 25/39
  5762 | D        | Noticed a deep elf death mage
  5764 | D        | Killed a deep elf death mage
  5764 | D        | Reached skill level 10 in Earth Magic
  5809 | D        | Noticed a deep elf annihilator
  5904 | D        | Killed a deep elf annihilator
  5904 | D        | Reached skill level 5 in Ice Magic
  5953 | D        | Killed a deep elf master archer
  6227 | D        | Noticed a deep elf demonologist
  6227 | D        | Killed a deep elf demonologist
  6349 | D        | Got a translucent double sword {drain}
  6362 | D        | Got a brightly glowing iron ring
  6362 | D        | Got a glittering jade ring
  6365 | D        | Got an ancient hunting sling
  6378 | D        | Identified the ring "Kegan" {Str+6 Slay+2 Stlth+} (You found it in the Dungeon)
  6380 | D        | Identified the ring of Zaplitu {+Inv rN+} (You found it in the Dungeon)
  6482 | D        | Identified the +7 double sword "Xuacepigh" {drain, rC+ Int+4 Dex+3} (You took it off a deep elf annihilator in the Dungeon)
  6484 | D        | Identified the +6 hunting sling "Dragon's Undoing" {flame, +Fly rC+ Str-3} (You found it in the Dungeon)
  6730 | D        | Noticed the 27-headed Lernaean hydra
  6738 | D        | Killed the 27-headed Lernaean hydra
  6738 | D        | Reached skill level 21 in Spellcasting
  6826 | D        | Got a decaying rune of Zot
  6844 | D        | Learned a level 8 spell: Ignition
  6872 | D        | Killed an azure jelly
  6872 | D        | Killed an azure jelly
  6872 | D        | Killed an azure jelly
  6873 | D        | Killed an azure jelly
  6999 | D        | Reached skill level 10 in Short Blades
  7146 | D        | Noticed a kraken
  7293 | D        | Killed a kraken
  7293 | D        | Reached skill level 15 in Dodging
  7293 | D        | Reached XP level 14. HP: 99/99 MP: 6/41
  7434 | D        | Reached skill level 22 in Spellcasting
  7587 | D        | Found Xivodej's Magic Scroll Emporium.
  7587 | D        | Found Mauri's Antique Weapon Shop.
  7587 | D        | Found Agi Qemn's Book Boutique.
  7597 | D        | Got a barnacled rune of Zot
  7624 | D        | Found a blossoming altar of Fedhas.
  7756 | D        | Got a scorched mace
  7758 | D        | Got a brightly glowing flail
  7782 | D        | Identified the +6 mace of Action {crush, rF+++ rC- MR+++ Dex-4} (You found it in the Dungeon)
  7783 | D        | Identified the +4 flail of Pattisuwn {flame, Str+4} (You found it in the Dungeon)
  7797 | D        | Noticed Dowan
  7797 | D        | Noticed Duvessa
  7803 | D        | Killed Dowan
  7803 | D        | Reached skill level 1 in Shields
  7806 | D        | Killed Duvessa
  8239 | D        | Noticed Mara
  8242 | D        | Noticed a vampire knight
  8242 | D        | Noticed Kidiri's illusion
  8242 | D        | Noticed a vampire knight
  8244 | D        | Killed a vampire knight
  8245 | D        | Killed a vampire knight
  8254 | D        | HP: 1/99 [Mara/bolt of fire (42)]
  8320 | D        | Mangled by Mara

Vault maps used:
D:        dungeon_sprint_mu

Skill      XL: |  1  2  3  4  5  6  7  8  9 10 11 12 13 14 |
---------------+-------------------------------------------+-----
Spellcasting   | 4 5 7 10 12 13 15 17 18 20 21 22 | 22.6
Armour         | 1 2 4 5 6 7 9 10 11 | 11.5
Dodging        | 3 4 5 7 8 9 10 11 12 13 15 | 15.5
Fighting       | 1 2 4 5 6 7 8 9 10 11 | 11.4
Conjurations   | 2 3 4 6 7 8 9 10 11 12 14 | 14.5
Fire Magic     | 4 5 7 8 9 10 11 12 13 14 | 14.8
Poison Magic   | 1 4 6 8 9 11 12 13 | 13.0
Earth Magic    | 2 5 8 9 11 12 | 12.2
Short Blades   | 3 6 8 10 | 10.8
Ice Magic      | 4 8 9 |  9.1
Shields        | 2 |  2.4
Stealth        | |  2.4

Action                   |  1- 3 |  4- 6 |  7- 9 | 10-12 | 13-15 || total
-------------------------+-------+-------+-------+-------+-------++-------
Melee: Unarmed           |     1 |       |       |       |       ||     1
       Dagger            |       |       |    14 |    81 |       ||    95
       Double sword      |       |       |       |       |    54 ||    54
 Cast: Flame Tongue      |    22 |     2 |    43 |    43 |     1 ||   111
       Throw Flame       |     3 |       |     1 |     1 |       ||     5
       Conjure Flame     |     1 |       |     5 |     7 |     1 ||    14
       Sticky Flame      |       |     3 |    11 |    14 |     5 ||    33
       Fireball          |       |       |     9 |    10 |     1 ||    20
       Magic Dart        |       |       |    17 |       |       ||    17
       Bolt of Fire      |       |       |     2 |    50 |    37 ||    89
       Inner Flame       |       |       |     1 |     6 |       ||     7
       Stone Arrow       |       |       |       |     1 |       ||     1
       Sting             |       |       |       |     1 |       ||     1
       Iron Shot         |       |       |       |     2 |    12 ||    14
       Lee's Rapid Decon |       |       |       |     2 |    13 ||    15
       Bolt of Cold      |       |       |       |       |     5 ||     5
       Ignition          |       |       |       |       |    13 ||    13
 Abil: Evoke Flight      |       |       |       |       |     2 ||     2
Evoke: Wand              |       |       |       |       |     1 ||     1
  Use: Potion            |     4 |       |     2 |     3 |     6 ||    15
       Scroll            |     3 |       |       |     3 |     2 ||     8
 Stab: Sleeping          |       |       |     1 |     3 |       ||     4
  Eat: Chunk             |       |       |     1 |    15 |     4 ||    20
       Royal jelly       |       |       |     1 |       |     5 ||     6
       Meat ration       |       |       |     1 |       |       ||     1
       Bread ration      |       |       |       |     2 |       ||     2
Armor: Robe              |     3 |       |     8 |       |       ||    11
Dodge: Dodged            |    12 |     4 |    29 |    64 |    42 ||   151
       Rpst.: Double sword |       |       |       |       |     4 ||     4
